 Dungeon Crawl Stone Soup version 0.30-a0-134-gb40fab5c76 (webtiles) character file.

Game seed: 12473357388622809240

2363 Garessta the Carver (level 9, -9/61 HPs)
             Began as a Demonspawn Gladiator on Sept 19, 2022.
             Mangled by a two-headed ogre
             ... wielding a +0 giant club
              (15 damage)
             ... on level 6 of the Dungeon.
             The game lasted 00:17:56 (7997 turns).

Garessta the Carver (Demonspawn Gladiator)          Turns: 7997, Time: 00:17:57

Health: -9/61      AC:  4    Str: 16    XL:     9   Next: 21%
Magic:  9/9        EV: 13    Int: 13    God:
Gold:   44         SH:  5    Dex: 24    Spells: 8/8 levels left

rFire   . . .      SeeInvis .    a - +0 long sword
rCold   . . .      Faith    .    (no shield)
rNeg    . . .      Spirit   .    b - +0 leather armour
rPois   .          Reflect  +    c - +0 helmet
rElec   .          Harm     .    (no cloak)
rCorr   .          Rampage  .    (no gloves)
Will    +....                    (no boots)
Stlth   ++........               d - amulet of reflection
HPRegen 0.20/turn                v - ring of willpower
MPRegen 0.22/turn                A - +6 ring of dexterity

@: no status effects
A: magic regeneration, big brain 2, demonic magic 1, demonic touch 1
a: no special abilities


You were on level 6 of the Dungeon.
You visited 1 branch of the dungeon, and saw 6 of its levels.

You collected 333 gold pieces.
You spent 289 gold pieces at shops.

Inventory:

Hand Weapons
 a - a +0 long sword (weapon)
Missiles
 r - a throwing net
Armour
 b - a +0 leather armour (worn)
 c - a +0 helmet (worn)
Jewellery
 d - an amulet of reflection (around neck)
 f - an amulet of the acrobat
 g - a ring of positive energy
 h - a ring of protection from cold
 v - a ring of willpower (left hand)
 A - a +6 ring of dexterity (right hand)
 C - a +6 ring of strength
 F - a ring of positive energy
Wands
 y - a wand of light (11) (quivered)
Scrolls
 j - 2 scrolls of fear
 k - 2 scrolls of torment {unknown}
 q - 4 scrolls of vulnerability {unknown}
 t - 3 scrolls of immolation {unknown}
 w - 3 scrolls of enchant weapon
 x - 5 scrolls of teleportation
 B - 4 scrolls of poison {unknown}
 E - a scroll of amnesia
 G - a scroll of magic mapping
 L - a scroll of butterflies
 M - a scroll of identify
Potions
 e - 2 potions of flight {unknown}
 i - 3 potions of attraction
 l - 2 potions of ambrosia {unknown}
 m - 2 potions of magic {unknown}
 n - a potion of haste {unknown}
 o - 4 potions of heal wounds {unknown}
 p - 5 potions of curing
 s - a potion of brilliance {unknown}
 u - a potion of cancellation {unknown}
 z - 2 potions of degeneration {unknown}
 D - 2 potions of berserk rage {unknown}
 J - a potion of might {unknown}
 K - 2 potions of lignification {unknown}


   Skills:
 - Level 2.0 Fighting
 + Level 11.6 Long Blades
 - Level 1.7 Throwing
 - Level 2.6 Dodging


You had 8 spell levels left.
You didn't know any spells.
Your spell library contained the following spells:

 Spells                   Type           Power      Damage    Failure   Level
 Shock                    Conj/Air       0%         1d3       36%         1
 Sting                    Tmut/Pois      0%         1d3       36%         1
 Poisonous Vapours        Pois/Air       0%         N/A       50%         2
 Portal Projectile        Hex/Tloc       0%         N/A       75%         3
 Swiftness                Air            0%         N/A       75%         3
 Tukima's Dance           Hex            0%         N/A       75%         3
 Airstrike                Air            0%         2d(0-16)  98%         4
 Olgreb's Toxic Radiance  Pois           0%         N/A       98%         4
 Blade Hands              Tmut           0%         N/A       100%        5


Dungeon Overview and Level Annotations

Branches:
Dungeon (6/15)
 Temple: D:4-7

Altars:

Shops:
D:1 *   D:5 ?:


Innate Abilities, Weirdness & Mutations

You regenerate magic rapidly.
You have an extremely huge brain. (Int +4)
Spells you cast may paralyse adjacent enemies.
Your touch may inflict minor irresistible damage on your foes.


Message History

Things that are here:
a +0 shortbow; a centaur corpse You start resting.
HP restored.
Things that are here:
a +0 shortbow; a centaur skeleton
I - a poisoned dart
I - 4 poisoned darts (gained 3)
A two-headed ogre comes into view. It is wielding two +0 giant clubs.
The two-headed ogre shouts in stereo!
You throw a poisoned dart.
The poisoned dart hits the two-headed ogre.
The two-headed ogre is poisoned.
You throw a poisoned dart.
The poisoned dart barely misses the two-headed ogre.
You throw a poisoned dart.
The poisoned dart hits the two-headed ogre.
You throw a poisoned dart.
The poisoned dart hits the two-headed ogre.
Throw: javelin
Press: ? - help, Shift-Dir - straight line, f/p - two-headed ogre
Aim: a two-headed ogre, wielding two +0 giant clubs (lightly wounded, poisoned, 78% to hit)
You throw a javelin.
The javelin barely misses the two-headed ogre.
Unknown command.
The bolt of light hits the two-headed ogre!
The two-headed ogre is lightly wounded.
The two-headed ogre is blinded.
The two-headed ogre hits you with a +0 giant club.
The two-headed ogre hits you with a +0 giant club!!
You catch the helpless two-headed ogre completely off-guard!
You hit the two-headed ogre. Your touch misses the two-headed ogre.
The two-headed ogre is moderately wounded.
You barely miss the two-headed ogre.
You touch the two-headed ogre!
The two-headed ogre is heavily wounded.
The two-headed ogre looks more healthy.
The two-headed ogre hits you with a +0 giant club!!
* * * LOW HITPOINT WARNING * * *
The two-headed ogre hits you with a +0 giant club!
You die...

.... #..##.......# ...#
.## #......##.... ..#
..#####.....##..... .#
................... .# .
#...............# .#
(.######................
.#
((...................#.#
##
#.(.................##.
#....O@#.####..........
##..####.# #....####..
#. #.# #....# ##. ...
....## ## ... .....# #.
.###. ## #. # # ##. #..
##<#


You could see a two-headed ogre (blind).

Vanquished Creatures
  A hornet (D:6)
  Menkaure (D:5)
  2 ice beasts
  A black bear (D:6)
  2 sky beasts
  An ogre (D:4)
  A centaur (D:6)
  4 gnoll sergeants
  4 scorpions
  5 hounds
  2 jellies
  4 gnoll boudas
  An orc wizard (D:5)
  Ijyb (D:4)
  4 iguanas
  26 gnolls
  5 adders
  A shadow imp (D:6)
  A white imp (D:6)
  2 ufetubi
  3 worms (D:2)
  A dart slug (D:3)
  3 orcs (D:6)
  5 bats
  7 endoplasms
  2 giant cockroaches
  3 goblins
  5 hobgoblins
  A jackal (D:5)
  A quokka (D:1)
  8 ball pythons
  3 frilled lizards
  6 kobolds
  A rat (D:3)
118 creatures vanquished.

Vanquished Creatures (others)
  Eustachio (D:4)
1 creature vanquished.

Grand Total: 119 creatures vanquished

Notes
Turn   | Place    | Note
-------+----------+-------------------------------------------
     0 | D:1      | Garessta the Demonspawn Gladiator began the quest for the
                  | Orb.
     0 | D:1      | Reached XP level 1. HP: 16/16 MP: 1/1
   246 | D:1      | Reached skill level 3 in Long Blades
   335 | D:1      | Gained mutation: You have an unusually large brain. (Int
                  | +2) [demonic ancestry]
   335 | D:1      | Reached XP level 2. HP: 22/22 MP: 2/2
   850 | D:1      | Found Kait's Assorted Antiques.
   859 | D:1      | Bought a scroll labelled GIUVIOXUES for 27 gold pieces
   981 | D:2      | Gained mutation: Spells you cast may paralyse adjacent
                  | enemies. [demonic ancestry]
   981 | D:2      | Reached XP level 3. HP: 26/27 MP: 3/3
  1018 | D:2      | Noticed a scorpion
  1029 | D:2      | Killed a scorpion
  1030 | D:2      | Reached skill level 4 in Long Blades
  1030 | D:2      | Reached XP level 4. HP: 3/33 MP: 4/4
  1352 | D:2      | Reached skill level 5 in Long Blades
  1431 | D:2      | You fall into a shaft and drop 1 floor!
  2050 | D:3      | Gained mutation: You regenerate magic rapidly. [demonic
                  | ancestry]
  2050 | D:3      | Reached XP level 5. HP: 38/38 MP: 5/5
  2380 | D:3      | Found a faded altar of an unknown god.
  2814 | D:4      | Noticed Eustachio
  2946 | D:4      | Killed Eustachio
  2947 | D:4      | Reached skill level 6 in Long Blades
  2947 | D:4      | Gained mutation: Your touch may inflict minor irresistible
                  | damage on your foes. [demonic ancestry]
  2947 | D:4      | Reached XP level 6. HP: 19/44 MP: 6/6
  3261 | D:4      | Noticed Ijyb
  3275 | D:4      | Killed Ijyb
  4018 | D:5      | Entered Level 5 of the Dungeon
  4213 | D:4      | Reached skill level 7 in Long Blades
  4297 | D:5      | Noticed a sky beast
  4370 | D:5      | Noticed Menkaure
  4573 | D:5      | Found Suorhiz's Magic Scroll Boutique.
  4587 | D:5      | Gained mutation: You have an extremely huge brain. (Int +4)
                  | [demonic ancestry]
  4587 | D:5      | Reached XP level 7. HP: 50/50 MP: 7/7
  4600 | D:5      | Bought a scroll of noise for 15 gold pieces
  4600 | D:5      | Bought a scroll of identify for 30 gold pieces
  4600 | D:5      | Bought a scroll of butterflies for 60 gold pieces
  4600 | D:5      | Bought a scroll of teleportation for 45 gold pieces
  4702 | D:5      | Reached skill level 8 in Long Blades
  5537 | D:5      | Killed Menkaure
  5538 | D:5      | Reached skill level 9 in Long Blades
  5538 | D:5      | Reached XP level 8. HP: 43/56 MP: 8/8
  6148 | D:5      | Reached skill level 10 in Long Blades
  6865 | D:5      | Found Loliapisk's Book Shoppe.
  7063 | D:5      | Bought a scroll of enchant weapon for 112 gold pieces
  7273 | D:6      | Reached skill level 11 in Long Blades
  7505 | D:6      | Reached XP level 9. HP: 42/61 MP: 9/9
  7769 | D:6      | Paralysed by a hornet for 3 turns
  7989 | D:6      | Noticed a two-headed ogre
  7997 | D:6      | Mangled by a two-headed ogre

Illustrated notes

Levels and vault maps discovered:
D:1:      scummos_arrival_checkerplants, layout_loops_ring, serial_forest,
          infiniplex_forest_lined_room_2, infiniplex_forest_lined_2,
          infiniplex_forest_end_3, infiniplex_forest_straight_2,
          infiniplex_forest_lined_corner, infiniplex_forest_corner_1,
          infiniplex_forest_end_2, infiniplex_forest_lined_room_3, serial_shops,
          nicolae_shop_crystal, chequers_mini_garden, skrybe_limestone_x,
          minmay_pentomino_x2
D:2:      layout_rooms
D:3:      layout_loops_corners, hellmonk_ecumenical_altar_arch_garden,
          minmay_misc_feat_alley
D:4:      layout_loops_ring, roderic_lattice_a, chequers_serial_rivers_micro_b,
          uniq_eustachio, uniq_ijyb
D:5:      layout_cave_pools, serial_shops, nicolae_square_shop,
          serial_gnoll_camp, gnoll_camp_mini_shop, gnoll_camp_huts_basic,
          gnoll_camp_mini_hut, gnoll_camp_mini_basic, kennysheep_pointless_box,
          minmay_fractal_squares_5, uniq_menkaure
D:6:      layout_layer_cave, hex_tiny, minmay_diced_spiral,
          uniq_crazy_yiuf_cottage

Skill      XL: |  1  2  3  4  5  6  7  8 |
---------------+-------------------------+-----
Long Blades    | 3 4 5 6 7 9 11 | 11.6
Fighting       | |  2.0
Throwing       | |  1.7
Dodging        | |  2.6

Action                   |  1- 3 |  4- 6 |  7- 9 || total
-------------------------+-------+-------+-------++-------
Melee: Long sword        |    54 |   101 |   179 ||   334
       Punch             |       |     2 |     3 ||     5
       Touch             |       |     6 |    37 ||    43
Throw: Javelin           |     1 |     2 |     3 ||     6
       Throwing net      |     1 |       |     2 ||     3
       Dart              |     1 |    14 |    47 ||    62
       Boomerang         |       |       |    18 ||    18
Evoke: Wand              |       |     1 |    10 ||    11
  Use: Scroll            |     1 |       |     3 ||     4
       Potion            |       |     1 |     1 ||     2
 Stab: Held in net/web   |     1 |       |     1 ||     2
       Sleeping          |       |     6 |     1 ||     7
       Invisible         |       |     1 |     1 ||     2
       Distracted        |       |       |     1 ||     1
Armor: Leather armour    |    16 |     9 |    15 ||    40
Dodge: Dodged            |    32 |    69 |   103 ||   204
Block: Other             |       |       |    12 ||    12

Table legend: (Time is in decaauts)
 A = Elapsed time spent in this place.
 B = Non-inter-level travel time spent in this place.
 C = Inter-level travel time spent in this place.
 D = Time resting spent in this place.
 E = Time spent auto-exploring this place.
 F = Levels seen in this place.
 G = Mean time per level.
                   A        B        C        D        E       F      G
               +--------+--------+--------+--------+--------+-----+--------+
         Total |   8009 |   7756 |    253 |   1663 |   4901 |   6 | 1334.8 |
       Dungeon |   8009 |   7756 |    253 |   1663 |   4901 |   6 | 1334.8 |
               +--------+--------+--------+--------+--------+-----+--------+

Top non-repeatable levels by time:
     D:4: 2570 daAuts
     D:5: 1793 daAuts
     D:2: 979 daAuts
     D:1: 905 daAuts
     D:6: 898 daAuts
     D:3: 861 daAuts
